 Dungeon Crawl Stone Soup version 0.24.0-13-gcf9b3192b9 (console) character file.

Game seed: 7408178486695515298, levelgen mode: deterministic

766 Kagalorn the Magician (level 7, -1/51 HPs)
             Began as a Gnoll Wizard on Nov 5, 2019.
             Was an Initiate of Cheibriados.
             Slain by a worker ant (6 damage)
             ... on level 6 of the Dungeon.
             The game lasted 00:15:05 (4167 turns).

Kagalorn the Magician (Gnoll Wizard)                Turns: 4167, Time: 00:15:05

Health: -1/51      AC:  8    Str: 10    XL:     7   Next: 82%
Magic:  12/18      EV: 13    Int: 23    God:    Cheibriados [......]
Gold:   280        SH:  0    Dex: 15    Spells: 12/21 levels left

rFire    + . .     SeeInvis .   s - +2 hand axe (elec)
rCold    . . .     Gourm    .   (no shield)
rNeg     . . .     Faith    .   n - +2 ring mail {rF+}
rPois    .         Spirit   .   b - +0 hat
rElec    .         Reflect  .   (no cloak)
rCorr    .         Harm     .   C - +0 pair of gloves
MR       .....                  (no boots)
Stlth    ++........             (no amulet)
HPRegen  0.17/turn              (no ring)
MPRegen  0.16/turn              (no ring)

@: lethally poisoned (-1 -> -6), very slightly contaminated, very slow
A: distributed training, fangs 1, strong nose
a: Bend Time, Renounce Religion


You were on level 6 of the Dungeon.
You worshipped Cheibriados.
Cheibriados was noncommittal.
You were hungry.

You visited 2 branches of the dungeon, and saw 7 of its levels.

You collected 280 gold pieces.

Inventory:

Hand Weapons
 a - a +0 trident
 s - a +2 hand axe of electrocution (weapon)
 w - a +0 quarterstaff
Missiles
 c - 21 stones (quivered)
 e - 100 bolts
 f - 35 sling bullets
 k - 30 arrows
Armour
 b - a +0 hat (worn)
 n - a +2 ring mail of fire resistance (worn)
 r - a +2 leather armour of magic resistance
 C - a +0 pair of gloves (worn)
Jewellery
 m - an uncursed ring of protection from cold {unknown}
 t - a cursed -3 ring of evasion {unknown}
Scrolls
 h - 2 scrolls of teleportation {unknown}
 i - 7 scrolls of remove curse {unknown}
 j - a scroll of fear {unknown}
 q - a scroll of blinking {unknown}
 v - a scroll of identify {unknown}
 y - a scroll of amnesia {unknown}
 A - a scroll of random uselessness {unknown}
Potions
 g - a potion of invisibility
 l - 2 potions of curing {unknown}
 o - a potion of heal wounds {unknown}
 p - a potion of mutation {unknown}
 u - a potion of degeneration {unknown}
 x - 2 potions of flight {unknown}
 z - a potion of magic {unknown}
 B - a potion of might {unknown}
Comestibles
 d - 5 rations


   Skills:
 + Level 2.6 Fighting
 + Level 2.6 Short Blades
 + Level 2.6 Long Blades
 + Level 2.6 Axes
 + Level 2.6 Maces & Flails
 + Level 2.6 Polearms
 + Level 2.6 Staves
 + Level 2.6 Slings
 + Level 2.6 Bows
 + Level 2.6 Crossbows
 + Level 2.6 Throwing
 + Level 2.6 Armour
 + Level 5.3 Dodging
 + Level 5.0 Stealth
 + Level 2.6 Shields
 + Level 2.6 Unarmed Combat
 + Level 7.7 Spellcasting
 + Level 3.1 Conjurations
 + Level 2.1 Hexes
 + Level 2.1 Charms
 + Level 3.1 Summonings
 + Level 2.1 Necromancy
 + Level 3.1 Translocations
 + Level 2.1 Transmutations
 + Level 2.1 Fire Magic
 + Level 2.1 Ice Magic
 + Level 2.1 Air Magic
 + Level 2.1 Earth Magic
 + Level 2.1 Poison Magic
 + Level 3.0 Invocations
 + Level 2.6 Evocations


You had 12 spell levels left.
You knew the following spells:

 Your Spells              Type           Power        Failure   Level  Hunger
a - Magic Dart            Conj           ###.         4%          1    None
d - Conjure Flame         Conj/Fire      ###.....     19%         3    None
e - Mephitic Cloud        Conj/Pois/Air  ###.....     19%         3    None
f - Blink                 Tloc           N/A          8%          2    None

Your spell library contained the following spells:

 Spells                   Type           Power        Failure   Level  Hunger
 Call Imp                 Summ           ###.....     8%          2    None
 Slow                     Hex            ###.....     11%         2    None


Dungeon Overview and Level Annotations

Branches:
Dungeon (6/15)             Temple (1/1) D:4

Altars:
Ashenzari
Cheibriados
Dithmenos
Elyvilon
Fedhas
Gozag
Makhleb
Okawaru
Qazlal
Ru
Trog
Uskayaw
Vehumet
Wu Jian
Yredelemnul
Zin

Annotations:
D:5 Grinder


Innate Abilities, Weirdness & Mutations

Your experience applies equally to all skills.
You have very sharp teeth.
Your uncanny sense of smell can sniff out nearby items.


Message History

Casting: Magic Dart (safe; 4% risk of failure)
Confirm with . or Enter, or press ? or * to list all spells.
Aiming: Magic Dart (safe; 4% risk of failure)
Press: ? - help, Shift-Dir - straight line, f/p - worker ant
Aim: a worker ant (lightly wounded)
The magic dart hits the worker ant!
The worker ant is heavily wounded.
* * * LOW HITPOINT WARNING * * *
You feel sick.
The worker ant bites you but does no damage.
Casting: Magic Dart (safe; 4% risk of failure)
Confirm with . or Enter, or press ? or * to list all spells.
Aiming: Magic Dart (safe; 4% risk of failure)
Press: ? - help, Shift-Dir - straight line, f/p - worker ant
Aim: a worker ant (heavily wounded)
The magic dart hits the worker ant.
The worker ant is severely wounded.
* * * LOW HITPOINT WARNING * * *
You feel sick. The worker ant bites you.
You die...

. .. ...
.... ##
.....#####
.#
#.>....#
.#
#...a@.#
.#
#......#
.#
#......#
.#
#......#
.#
#......#
.###
#......#
...#
##+#####
...# ...#


You could see a worker ant.

Vanquished Creatures
  Purgy (D:3)
  A sky beast (D:5)
  An ogre (D:4)
  A crimson imp (D:5)
  A hound (D:4)
  2 orc priests (D:3)
  A bullfrog skeleton (D:4)
  2 orc wizards
  5 worker ants
  7 adders
  A shadow imp (D:5)
  An ooze (D:2)
  An adder skeleton (D:4)
  A worm (D:2)
  A dart slug (D:2)
  4 leopard geckos
  13 orcs
  6 bats
  2 giant cockroaches
  5 goblins
  5 hobgoblins
  10 jackals
  6 kobolds
  2 quokkas (D:3)
  A ball python (D:2)
  9 frilled lizards
  5 rats
95 creatures vanquished.

Notes
Turn   | Place    | Note
-------+----------+-------------------------------------------
     0 | D:1      | Kagalorn the Gnoll Wizard began the quest for the Orb.
     0 | D:1      | Reached XP level 1. HP: 13/13 MP: 8/8
   118 | D:1      | Reached XP level 2. HP: 19/19 MP: 2/10
   552 | D:1      | Reached XP level 3. HP: 7/25 MP: 3/11
  1017 | D:1      | You fall into a shaft and drop 1 floor!
  1090 | D:2      | Reached skill level 1 in Invocations
  1094 | D:2      | Learned a level 2 spell: Blink
  1098 | D:2      | Learned a level 3 spell: Conjure Flame
  1102 | D:2      | Learned a level 3 spell: Mephitic Cloud
  1166 | D:2      | Found a shattered altar of Ashenzari.
  1375 | D:2      | Reached skill level 1 in Fighting
  1375 | D:2      | Reached skill level 1 in Short Blades
  1375 | D:2      | Reached skill level 1 in Long Blades
  1375 | D:2      | Reached skill level 1 in Axes
  1375 | D:2      | Reached skill level 1 in Maces & Flails
  1375 | D:2      | Reached skill level 1 in Polearms
  1375 | D:2      | Reached skill level 1 in Staves
  1375 | D:2      | Reached skill level 1 in Slings
  1375 | D:2      | Reached skill level 1 in Bows
  1375 | D:2      | Reached skill level 1 in Crossbows
  1375 | D:2      | Reached skill level 1 in Throwing
  1375 | D:2      | Reached skill level 1 in Armour
  1375 | D:2      | Reached skill level 1 in Shields
  1375 | D:2      | Reached skill level 1 in Unarmed Combat
  1375 | D:2      | Reached skill level 1 in Evocations
  1375 | D:2      | Reached XP level 4. HP: 32/32 MP: 3/13
  2091 | D:3      | Reached skill level 1 in Hexes
  2091 | D:3      | Reached skill level 1 in Charms
  2091 | D:3      | Reached skill level 1 in Necromancy
  2091 | D:3      | Reached skill level 1 in Transmutations
  2091 | D:3      | Reached skill level 1 in Fire Magic
  2091 | D:3      | Reached skill level 1 in Ice Magic
  2091 | D:3      | Reached skill level 1 in Air Magic
  2091 | D:3      | Reached skill level 1 in Earth Magic
  2091 | D:3      | Reached skill level 1 in Poison Magic
  2091 | D:3      | Reached XP level 5. HP: 37/37 MP: 5/14
  2273 | D:3      | Noticed Purgy
  2295 | D:3      | Killed Purgy
  2295 | D:3      | Reached XP level 6. HP: 40/44 MP: 11/16
  2712 | D:3      | Reached skill level 5 in Dodging
  3126 | D:4      | Found a staircase to the Ecumenical Temple.
  3179 | D:4      | You fall into a shaft and drop 2 floors!
  3318 | D:5      | Entered Level 5 of the Dungeon
  3318 | D:5      | Noticed Grinder
  3318 | D:5      | Noticed a sky beast
  3396 | Temple   | Entered the Ecumenical Temple
  3514 | Temple   | Became a worshipper of Cheibriados the Contemplative
  3739 | D:4      | Reached XP level 7. HP: 39/50 MP: 14/18
  4127 | D:5      | Reached skill level 5 in Stealth
  4167 | D:6      | Slain by a worker ant

Levels and vault maps discovered:
D:1:      nzn_arrival_water_spiral, layout_basic, minmay_misc_feat_five
D:2:      layout_basic, grunt_ministairs_6, minmay_hedge_maze,
          evilmike_ruin_ashenzari
D:3:      layout_basic, first_ration, serial_bayou_ford_a, uniq_purgy
D:4:      layout_gridville, minmay_temple_entry_steel_oval
D:5:      layout_rooms, gammafunk_temple_overflow_arena, uniq_grinder
D:6:      layout_gridville, basic_altar
Temple:   compressed_dpeg_circular_temple

Skill      XL: |  1  2  3  4  5  6  7 |
---------------+----------------------+-----
Conjurations   | 2 3 |  3.1
Summonings     | 2 3 |  3.1
Translocations | 2 3 |  3.1
Invocations    | 1 2 3 |  3.0
Fighting       | 1 2 |  2.6
Short Blades   | 1 2 |  2.6
Long Blades    | 1 2 |  2.6
Axes           | 1 2 |  2.6
Maces & Flails | 1 2 |  2.6
Polearms       | 1 2 |  2.6
Staves         | 1 2 |  2.6
Slings         | 1 2 |  2.6
Bows           | 1 2 |  2.6
Crossbows      | 1 2 |  2.6
Throwing       | 1 2 |  2.6
Armour         | 1 2 |  2.6
Shields        | 1 2 |  2.6
Unarmed Combat | 1 2 |  2.6
Evocations     | 1 2 |  2.6
Hexes          | 1 2 |  2.1
Charms         | 1 2 |  2.1
Necromancy     | 1 2 |  2.1
Transmutations | 1 2 |  2.1
Fire Magic     | 1 2 |  2.1
Ice Magic      | 1 2 |  2.1
Air Magic      | 1 2 |  2.1
Earth Magic    | 1 2 |  2.1
Poison Magic   | 1 2 |  2.1
Dodging        | 5 |  5.3
Stealth        | 5 |  5.0
Spellcasting   | |  7.7

Action                   |  1- 3 |  4- 6 |  7- 9 || total
-------------------------+-------+-------+-------++-------
Melee: Whip              |    46 |     1 |       ||    47
       Bite              |     4 |     3 |     7 ||    14
       Trident           |       |    36 |       ||    36
       Hand axe          |       |    22 |    45 ||    67
 Cast: Magic Dart        |    75 |    98 |    30 ||   203
       Conjure Flame     |     1 |     2 |     1 ||     4
       Mephitic Cloud    |       |     1 |       ||     1
       Blink             |       |       |     2 ||     2
 Stab: Sleeping          |     1 |       |       ||     1
       Confused          |       |     1 |       ||     1
  Eat: Chunk             |     1 |     7 |     2 ||    10
Armor: Robe              |     7 |       |       ||     7
       Ring mail         |       |    33 |    14 ||    47
Dodge: Dodged            |    62 |    68 |    38 ||   168
